 Dungeon Crawl Stone Soup version 0.30-a0-715-gdb4ae3ece1 (webtiles) character file.

Game seed: 6898860510017608007

37 jlumianski the Trooper (level 3, -6/29 HPs)
             Began as a Demonspawn Fighter on Jan 24, 2023.
             Mangled by Natasha (8 damage)
             ... on level 2 of the Dungeon.
             The game lasted 00:02:32 (884 turns).

jlumianski the Trooper (Demonspawn Fighter)          Turns: 884, Time: 00:02:32

Health: -6/29      AC:  7    Str: 18    XL:     3   Next: 21%
Magic:  3/3        EV:  9    Int:  9    God:
Gold:   126        SH:  4    Dex: 12    Spells: 2/2 levels left

rFire   . . .      SeeInvis .    a - +0 war axe
rCold   . . .      Faith    .    c - +0 buckler
rNeg    . . .      Spirit   .    b - +0 scale mail
rPois   .          Reflect  .    (no helmet)
rElec   .          Harm     .    (no cloak)
rCorr   .          Rampage  .    (no gloves)
Will    .....                    (no boots) Stlth
                                 (no amulet)
HPRegen 0.24/turn                (no ring)
MPRegen 0.16/turn                (no ring)

@: no status effects
A: rugged brown scales 1, magic regeneration
a: no special abilities


You were on level 2 of the Dungeon.
You visited 1 branch of the dungeon, and saw 2 of its levels.

You collected 126 gold pieces.

Inventory:

Hand Weapons
 a - a +0 war axe (weapon)
Missiles
 e - 9 stones
 g - 3 poisoned darts (quivered)
Armour
 b - a +0 scale mail (worn)
 c - a +0 buckler (worn)
Scrolls
 f - a scroll of acquirement {unknown}
 i - a scroll of enchant weapon {unknown}
Potions
 d - 2 potions of might
 h - a potion of attraction {unknown}


   Skills:
 + Level 3.4 Fighting
 + Level 2.4 Axes
 + Level 3.1 Armour
 + Level 0.1 Stealth
 + Level 2.8 Shields


You had 2 spell levels left.
You didn't know any spells.
Your spell library contained the following spells:

 Spells                   Type           Power      Damage    Failure   Level
 Sting                    Tmut/Pois      0%         1d3       86%         1
 Poisonous Vapours        Pois/Air       0%         N/A       94%         2
 Olgreb's Toxic Radiance  Pois           0%         N/A       100%        4


Dungeon Overview and Level Annotations

Branches:
Dungeon (1/15)

Altars:

Annotations:
D:2 Natasha


Innate Abilities, Weirdness & Mutations

You are partially covered in rugged brown scales. (AC +1, +3% HP)
You regenerate magic rapidly.


Message History

Found 14 gold pieces.
The endoplasm hits you but does no damage.
You slash the endoplasm!
You kill the endoplasm!
d - 2 potions of might (gained 1)
You now have 126 gold pieces (gained 14).
Found a scroll labelled IFAVET PESI.
Natasha, Servant of Life and Death comes into view.
Natasha hisses angrily.
Natasha moves out of view.
You see here a scroll labelled IFAVET PESI.
You miss Natasha. Natasha claws you. Natasha barely misses you.
You miss Natasha. Natasha barely misses you.
You hit Natasha but do no damage.
Natasha stares at you and mumbles some strange words.
You feel yourself slow down. Natasha casts a spell at you.
The magic dart hits you.
You closely miss Natasha. Natasha closely misses you.
Natasha stares at you and mumbles some strange words.
The magic dart hits you.
You barely miss Natasha. Natasha barely misses you. You block Natasha's attack.
You miss Natasha. Natasha claws you but does no damage.
Natasha closely misses you.
You closely miss Natasha. Natasha claws you. Natasha closely misses you.
You hit Natasha.
Natasha is lightly wounded.
Natasha extends her claws.
Natasha barely misses you. Natasha claws you.
You hit Natasha.
Natasha is heavily wounded.
Natasha claws you.
* * * LOW HITPOINT WARNING * * *
Natasha barely misses you. Natasha claws you.
* * * LOW HITPOINT WARNING * * *
You hit Natasha.
Natasha is heavily wounded.
You feel yourself speed up. Natasha claws you!
You die...

#...<)....# #.#
#........## #.#
###........###
#.#
#..............
#.#
#..#...........
#.#
#..#..#.######.
#.# #..#..#.#
#.###..#..#.##
#?@h..........
#####..#.#####
#..#.# #..#..
#..h .. #....
.. #..######
#..# #..#


You could see Natasha.

Vanquished Creatures
  A dart slug (D:1)
  4 endoplasms
  3 giant cockroaches (D:1)
  4 goblins
  A hobgoblin (D:1)
  4 jackals (D:1)
  A kobold (D:1)
  2 quokkas
  3 ball pythons (D:1)
  A bat (D:1)
  A frilled lizard (D:1)
  5 rats
30 creatures vanquished.

Notes
Turn   | Place    | Note
-------+----------+-------------------------------------------
     0 | D:1      | jlumianski the Demonspawn Fighter began the quest for the
                  | Orb.
     0 | D:1      | Reached XP level 1. HP: 18/18 MP: 1/1
   281 | D:1      | Gained mutation: You are partially covered in rugged brown
                  | scales. (AC +1, +3% HP) [demonic ancestry]
   281 | D:1      | Reached XP level 2. HP: 18/24 MP: 2/2
   629 | D:1      | Gained mutation: You regenerate magic rapidly. [demonic
                  | ancestry]
   629 | D:1      | Reached XP level 3. HP: 25/29 MP: 3/3
   756 | D:1      | You fall into a shaft and drop 1 floor!
   869 | D:2      | Noticed Natasha
   884 | D:2      | Mangled by Natasha

Illustrated notes

Levels and vault maps discovered:
D:1:      matt_arrival_diagonals, layout_basic, serial_aquarium,
          aquarium_bridge_long_joined [aquarium_subvault_wall,
          aquarium_subvault_balcony, aquarium_subvault_wall,
          aquarium_subvault_bridge, aquarium_subvault_wall,
          aquarium_subvault_balcony], aquarium_bridge_square
          [aquarium_subvault_window, aquarium_subvault_bridge,
          aquarium_subvault_balcony, aquarium_subvault_window],
          aquarium_window_corridor_2, aquarium_window_double,
          aquarium_window_fake, aquarium_window_1, aquarium_view_2g,
          aquarium_view_2e, aquarium_balcony_3b, aquarium_pool_2
D:2:      layout_loops_ring, hangedman_decor_points, minmay_tetromino_l2,
          uniq_natasha

Skill      XL: |  1  2 |
---------------+-------+-----
Armour         | 3 |  3.1
Axes           | 2 |  2.4
Fighting       | |  3.4
Stealth        | |  0.1
Shields        | |  2.8

Action                     || total
---------------------------++-------
  Melee: War axe           ||    83
 Armour: Scale mail        ||    33
  Dodge: Dodged            ||    52
  Block: Buckler           ||    21

Table legend: (Time is in decaauts)
 A = Elapsed time spent in this place.
 B = Non-inter-level travel time spent in this place.
 C = Inter-level travel time spent in this place.
 D = Time resting spent in this place.
 E = Time spent auto-exploring this place.
 F = Levels seen in this place.
 G = Mean time per level.
                   A        B        C        D        E       F      G
               +--------+--------+--------+--------+--------+-----+--------+
         Total |    924 |    924 |      0 |      0 |    475 |   2 |  462.0 |
       Dungeon |    924 |    924 |      0 |      0 |    475 |   2 |  462.0 |
               +--------+--------+--------+--------+--------+-----+--------+

Top non-repeatable levels by time:
     D:1: 781 daAuts
     D:2: 142 daAuts
